 Dungeon Crawl Stone Soup version 0.23-a0-484-g29ba69c (webtiles) character file.

129 tsujin the Ruffian (level 4, -1/35 HPs)
             Began as a Draconian Transmuter on Dec 1, 2018.
             Slain by Sigmund
             ... wielding a +0 scythe
              (10 damage)
             ... on level 2 of the Dungeon.
             The game lasted 00:03:03 (1065 turns).

tsujin the Ruffian (Draconian Transmuter)           Turns: 1065, Time: 00:03:03

Health: -1/35      AC:  5    Str: 11 (12) XL:     4   Next: 88%
Magic:  7/7        EV: 12    Int: 14 (15) God:
Gold:   127        SH:  0    Dex:  9 (11) Spells: 6/7 levels left

rFire    . . .     SeeInvis .     - Unarmed
rCold    . . .     Gourm    .   (no shield)
rNeg     . . .     Faith    .   (armour unavailable)
rPois    .         Spirit   .   (helmet restricted)
rElec    .         Reflect  .   (no cloak)
rCorr    .         Harm     .   (no gloves)
MR       .....                  (no boots)
Stlth    +.........             (no amulet)
HPRegen  0.11/turn              (no ring)
MPRegen  0.10/turn              (no ring)

@: confused
A: unfitting armour, cold-blooded, AC +5
a: no special abilities


You were on level 2 of the Dungeon.
You were not hungry.

You visited 1 branch of the dungeon, and saw 2 of its levels.

You collected 127 gold pieces.

Inventory:

Missiles
 a - 32 arrows
Scrolls
 b - 2 scrolls of teleportation {unknown}
 d - 2 scrolls of identify {unknown}
 f - a scroll of blinking {unknown}
Potions
 e - 2 potions of degeneration
Comestibles
 c - a ration
 g - a chunk of flesh


   Skills:
 - Level 1.1 Fighting
 - Level 1.7 Dodging
 + Level 1.2 Stealth
 - Level 5.4 Unarmed Combat
 - Level 2.0 Spellcasting
 + Level 2.0 Transmutations


You had 6 spell levels left.
You knew the following spells:

 Your Spells              Type           Power        Failure   Level  Hunger
a - Beastly Appendage     Tmut           #.....       11%         1    ##.....

Your spell library contained the following spells:

 Spells                   Type           Power        Failure   Level  Hunger
 Sticks to Snakes         Tmut           #.......     16%         2    ###....
 Spider Form              Tmut/Pois      #.........   43%         3    ####...
 Ice Form                 Ice/Tmut       #.......     83%         4    #####..
 Blade Hands              Tmut           #.........   96%         5    ######.


Dungeon Overview and Level Annotations

Branches:
Dungeon (2/15)

Altars:
The Shining One

Annotations:
D:2 Sigmund


Innate Abilities, Weirdness & Mutations

Your plain brown scales are hard. (AC +5)
You cannot fit into any form of body armour.
You are cold-blooded and may be slowed by cold attacks.


Message History

You hear a zap.
A puff of flame appears from out of thin air!
The puff of flame misses you.
You hit something. You punch something. Something hits you but does no damage.
You barely miss something. You barely miss something.
Your tail-slap misses something.
Something hits you but does no damage.
You closely miss something. You hit something. You closely miss something.
Something hits you.
You take 5 damage, and have 12/35 hp.
You barely miss something. You tail-slap something. You closely miss something.
You hear some strange, mumbled words.
You are confused.
You closely miss something. Something hits you.
* * * LOW HITPOINT WARNING * * *
You take 3 damage, and have 9/35 hp.
You bump into the rock wall.
Something hits you!
You die...

#### ...# ##.##
....#########
##..........#
##.########.# ...#
#.# #### #.#######
#.....@.# ########
#.#####{# .......#
#.#####.# .......#
##....##.# .......#
#......#.#
...#...###..##..#.#
..###......<.....)#
##.#.#####..#.#.###
##.## #..#.#.#


There were no monsters in sight!

Vanquished Creatures
  A howler monkey (D:2)
  Natasha (D:2)
  3 adders (D:2)
  An ooze (D:1)
  A worm (D:2)
  A dart slug (D:2)
  A leopard gecko (D:2)
  4 bats
  A giant cockroach (D:1)
  10 goblins
  5 kobolds
  3 rats
32 creatures vanquished.

Notes
Turn   | Place    | Note
-------+----------+-------------------------------------------
     0 | D:1      | tsujin the Draconian Transmuter began the quest for the
                  | Orb.
     0 | D:1      | Reached XP level 1. HP: 16/16 MP: 3/3
    40 | D:1      | Reached XP level 2. HP: 20/23 MP: 5/5
   573 | D:2      | Noticed a howler monkey
   585 | D:2      | Killed a howler monkey
   585 | D:2      | Reached skill level 4 in Unarmed Combat
   585 | D:2      | Reached XP level 3. HP: 21/28 MP: 4/6
   756 | D:2      | Reached XP level 4. HP: 35/35 MP: 5/7
   823 | D:2      | Found a glowing golden altar of the Shining One.
   859 | D:2      | Noticed Natasha
   869 | D:2      | Reached skill level 5 in Unarmed Combat
   874 | D:2      | Killed Natasha
   874 | D:2      | Reached skill level 1 in Stealth
   960 | D:2      | Noticed Sigmund
  1065 | D:2      | Slain by Sigmund

Vault maps used:
D:1:      wander_arrival_desolate
D:2:      lemuel_doored_altar, uniq_natasha, uniq_sigmund, uniq_terence

Skill      XL: |  1  2  3  4 |
---------------+-------------+-----
Unarmed Combat | 4 5 |  5.4
Stealth        | 1 |  1.2
Fighting       | |  1.1
Dodging        | |  1.7
Spellcasting   | |  2.0
Transmutations | |  2.0

Action                   |  1- 3 |  4- 6 || total
-------------------------+-------+-------++-------
Melee: Unarmed           |    87 |    56 ||   143
       Tailslap          |     8 |     5 ||    13
       Kick              |     1 |     1 ||     2
       Headbutt          |     2 |     1 ||     3
       Punch             |       |     3 ||     3
 Cast: Beastly Appendage |     4 |     6 ||    10
  Use: Potion            |       |     2 ||     2
 Stab: Sleeping          |     2 |     1 ||     3
  Eat: Chunk             |       |     1 ||     1
Armor: Skin              |    26 |    12 ||    38
Dodge: Dodged            |    53 |    19 ||    72

Table legend:
 A = Non-vault XP
 B = Vault XP
 C = Vault XP percentage of total XP
 D = Non-vault monster count
 E = Vault monster count
 F = Vault count percentage of total count
                 A         B        C        D         E       F
            +---------+---------+-------+---------+---------+-------
      Total |     150 |      35 |  18.9 |      31 |       1 |   3.1
            +---------+---------+-------+---------+---------+-------
        D:1 |      29 |       0 |   0.0 |      15 |       0 |   0.0
        D:2 |     121 |      35 |  22.4 |      16 |       1 |   5.9
            +---------+---------+-------+---------+---------+-------
